 Dungeon Crawl Stone Soup version 0.17-a0-1479-g4041c36 (webtiles) character file.

106 hexophile the Magician (level 4, 0/36 HPs)
             Began as a Naga Wizard on July 3, 2015.
             Slain by a worker ant (1 damage)
             ... on level 3 of the Dungeon.
             The game lasted 00:06:06 (3269 turns).

hexophile the Magician (Naga Wizard)                Turns: 3269, Time: 00:06:07

Health: 0/36       AC:  2    Str:  9    XL:     4   Next: 84%
Magic:  3/9        EV: 10    Int: 19    God:
Gold:   93         SH:  0    Dex: 10    Spells: 4 memorised, 1 level left

rFire  . . .     SeeInvis +     e - +2 dagger (venom)
rCold  . . .     Clarity  .     i - +0 robe
rNeg   . . .     SustAt   .     (no shield)
rPois  +         Gourm    .     b - +0 hat
rElec  .         Spirit   .     (no cloak)
rCorr  .         Warding  .     (no gloves)
rMut   .         Stasis   .     (no barding)
MR     .....                    (no amulet)
Stlth  ++........               (no ring)
                                (no ring)

@: lethally poisoned (0 -> -2), short of breath, very slow, not resistant to
hostile enchantments, unstealthy
A: see invisible, deformed body, poison resistance, slowness 2, slow metabolism
1, spit poison 2, AC +1
a: Spit Poison


You were on level 3 of the Dungeon.
You were not hungry.

You visited 1 branch of the dungeon, and saw 3 of its levels.

You collected 93 gold pieces.

Inventory:

Hand weapons
 e - a +2 dagger of venom (weapon)
Missiles
 a - 10 stones (quivered)
Armour
 b - a +0 hat (worn)
 i - a +0 robe (worn)
Scrolls
 g - a scroll of identify
Books
 c - a book of Minor Magic

   Spells                             Type                      Level
   a - Magic Dart                     Conjuration                  1
   b - Blink                          Translocation                2
   c - Call Imp                       Summoning                    2
   d - Repel Missiles                 Charms/Air                   2
   e - Slow                           Hexes                        2
   f - Conjure Flame                  Conjuration/Fire             3
   g - Mephitic Cloud                 Conjuration/Poison/Air       3
 o - a book of the Tempests

   Spells                             Type                      Level
   a - Static Discharge               Conjuration/Air              3
   b - Lightning Bolt                 Conjuration/Air              5
   c - Fireball                       Conjuration/Fire             5
   d - Tornado                        Air                          9
   e - Shatter                        Earth                        9
Comestibles
 d - 4 bread rations
 f - a chunk of flesh


   Skills:
 + Level 1.9 Dodging
 - Level 3.0 Stealth
 * Level 3.9 Spellcasting
 * Level 2.7 Conjurations
   Level 1.0 Summonings
 - Level 1.0 Translocations
 + Level 0.8 Fire Magic
 * Level 0.6 Air Magic


You had one spell level left.
You knew the following spells:

 Your Spells              Type           Power        Failure   Level  Hunger
a - Magic Dart            Conj           ##..         6%          1    None
b - Blink                 Tloc           N/A          14%         2    ##.....
c - Conjure Flame         Conj/Fire      ##......     21%         3    ###....
d - Mephitic Cloud        Conj/Pois/Air  #.......     28%         3    ###....


Dungeon Overview and Level Annotations

Branches:
Dungeon (3/15)

Altars:
Gozag


Innate Abilities, Weirdness & Mutations

You cannot wear boots.
Your serpentine skin is tough (AC +1).
You have supernaturally acute eyesight.
Armour fits poorly on your strangely shaped body.
Your system is resistant to poisons.
You cover ground very slowly.
You have a slow metabolism.
You can spit poison.


Message History

You are poisoned.
The worker ant poisons you!
You hit the centaur.
The centaur is severely wounded.
You feel sick. The centaur hits you.
* * * LOW HITPOINT WARNING * * *
The centaur closely misses you.
The worker ant waves its antennae.
The worker ant barely misses you.
Use which ability? (? or * to list)
Press: ? - help, Shift-Dir - straight line, f - worker ant, p - centaur
Aim: a worker ant The splash of poison hits the worker ant.
The worker ant appears unharmed.
You feel slightly more hungry. The centaur closely misses you.
The worker ant closely misses you.
You hit the worker ant but do no damage.
The worker ant is poisoned.
You feel sick. The centaur hits you!
* * * LOW HITPOINT WARNING * * *
The worker ant bites you.
You die...

# *,',,,',,,,,,,*,,,,,,,,,,,,,
##*****#,,,**#######,***********,
..,,,,,#%,,* #.....#,,,,,,,,,,,,,
#..,,*,#..,* #.....#,,..,,,,,,,,,
...,,*,*...###..?..#*...,,,,,,,,,
#..,,,,,,,.'..(....##...,,,,,,,,,
**,*,*,*,,,*#...........,,,,,,,*,
*,*,*,*,,,*#..(........,,,,,,,*,
##,*,*,*,,,*#...@a......,,,,,,,,,
.#,*,*,*,,,*#...c.......,,,,,,,**
.#,*,,,*****#...........,,,,,,,**
.#,***** #.###)†.<...,,,,,,,**
.#,##########.# *.......,,,,,,,,,
.#,...........# *.......,,,,,,,,,
.#,........#### *.......,,,,,,,*,
>#.####.....# *######+*+*,,,,,,
.#.#,,+.....####### *,*,*,****,


You could see a centaur and a worker ant.

Vanquished Creatures
  2 adders
  A gnoll (D:1)
  3 oozes
  A worm (D:2)
  3 giant geckos (D:2)
  An orc (D:3)
  A ball python (D:2)
  5 bats
  A giant cockroach (D:3)
  7 goblins
  8 hobgoblins
  8 kobolds
  4 quokkas
  3 giant newts
  7 rats
55 creatures vanquished.

Notes
Turn   | Place    | Note
--------------------------------------------------------------
     0 | D:1      | hexophile the Naga Wizard began the quest for the Orb.
     0 | D:1      | Reached XP level 1. HP: 15/15 MP: 4/4
    36 | D:1      | Reached XP level 2. HP: 16/22 MP: 1/6
   474 | D:1      | Reached XP level 3. HP: 28/28 MP: 0/7
   478 | D:1      | Learned a level 2 spell: Blink
   482 | D:1      | Learned a level 3 spell: Conjure Flame
  1504 | D:2      | Found an opulent altar of Gozag.
  1612 | D:2      | Reached XP level 4. HP: 36/36 MP: 3/9
  1718 | D:2      | Learned a level 3 spell: Mephitic Cloud
  3257 | D:3      | Noticed a centaur
  3269 | D:3      | HP: 1/36 [centaur (7)]
  3269 | D:3      | Slain by a worker ant

Vault maps used:
D:1:      dpeg_arrival_erosion
D:2:      nicolae_gozag_cash_rules_everything_around_me
D:3:      nicolae_overflow_hidden_temple, first_bread, uniq_jessica

Action                   |  1- 3 |  4- 6 || total
-------------------------+-------+-------++-------
Melee: Dagger            |     8 |    14 ||    22
 Cast: Magic Dart        |    85 |    68 ||   153
 Abil: Spit Poison       |     1 |     2 ||     3
  Use: Scroll            |     1 |     4 ||     5
       Potion            |       |     4 ||     4
  Eat: Chunk             |     1 |     4 ||     5
